 Dungeon Crawl Stone Soup version 0.31-a0-325-g067879e3d3 (webtiles) character file.

Game seed: 10100714440783722452

56 freelancePsychic the Trooper (level 4, -4/34 HPs)
             Began as a Djinni Shapeshifter on July 18, 2023.
             Frozen to death by an endoplasm (6 damage)
             ... on level 3 of the Dungeon.
             The game lasted 00:02:46 (1212 turns).

freelancePsychic the Trooper (Djinni Shapeshifter)  Turns: 1212, Time: 00:02:47

Health: -4/34      AC:  2    Str: 12 (14) XL:     4   Next: 17%
Gold:   60         EV: 12    Int: 10 (12) God:
                   SH:  0    Dex: 12 (13)

rFire   + + .        a - +0 longbow
rCold   x . .        (shield currently unavailable)
rNeg    . . .        h - +0 animal skin
rPois   ∞            (helmet currently unavailable)
rElec   .            (cloak currently unavailable)
rCorr   .            (gloves currently unavailable)
SInv    .            (boots unavailable)
Will    +....        (no amulet)
Stlth   +            (no ring)
HPRegen 0.25/turn    (no ring)
MPRegen 0.00/turn

%: infuse magic (-5 HP)
@: beast-form, enlightened, flying
A: beast (slay +1), flying, sickness immunity, fire resistance 2, cold
vulnerability 1, float, innate caster, HP casting, extra vitality 1
a: Begin Untransformation


You were on level 3 of the Dungeon.
You were a hulking beast.
You visited 1 branch of the dungeon, and saw 3 of its levels.

You collected 60 gold pieces.

Inventory:

Hand Weapons
 a - a +0 longbow (weapon)
 b - a +2 dagger of speed
Missiles
 k - a throwing net
Armour
 h - a +0 animal skin (worn)
Talismans
 c - a beast talisman
Scrolls
 d - 2 scrolls of torment
 g - a scroll of teleportation {@r4}
 j - a scroll of revelation {unknown}
 l - a scroll of enchant armour {unknown}
Potions
 f - a potion of enlightenment
 m - a potion of lignification


   Skills:
 + Level 2.9 Fighting
 - Level 0.2 Short Blades
 - Level 2.1 Dodging
 - Level 2.0 Unarmed Combat
 * Level 1.7 Spellcasting
 * Level 1.7 Conjurations
 * Level 1.7 Hexes
   Level 0.0 Charms
 * Level 1.7 Summonings
 * Level 1.7 Necromancy
 * Level 1.7 Translocations
 * Level 1.7 Transmutations
 * Level 1.7 Fire Magic
 * Level 1.7 Ice Magic
 * Level 1.7 Air Magic
 * Level 1.7 Earth Magic
 * Level 1.7 Poison Magic
 - Level 2.6 Shapeshifting


You knew the following spells:

 Your Spells              Type           Power      Damage    Failure   Level
a - Sandblast             Erth           8%         2d5       16%         1
Your spell library was empty.

Dungeon Overview and Level Annotations

Branches:
Dungeon (3/15)

Altars:

Shops:
D:1 [

Annotations:
D:2 Sigmund


Innate Abilities, Weirdness & Mutations

You are a hulking beast.
Your limbs bulge with bestial killing power. (Slay +1)
You are flying.
You are immune to sickness and miasma.
You are immune to poison.
Your flesh is very heat resistant. (rF++)
You are vulnerable to cold. (rC-)
You float through the air rather than walking.
You learn spells naturally, not from books.
Your magical power is your life essence.
You have superior vitality. (+4 MHP)


Message History

* * * LOW HITPOINT WARNING * * *
It was a potion of enlightenment.
You feel more buoyant.
Okay, then.
Okay, then.
It was a potion of degeneration.
There was something very wrong with that liquid.
You feel weakened.
You feel dopey.
You feel clumsy.
Sigmund zaps a wand.
The puff of flame hits you. You resist.
* * * LOW HITPOINT WARNING * * *
Okay, then.
Okay, then.
As you read the scroll labelled LYMUTH RADUU, it crumbles to dust.
You feel strangely unstable.
It was a scroll of teleportation.
Your surroundings seem slightly different.
You see here 4 large rocks.
An endoplasm comes into view.
Sigmund points at you and mumbles some strange words.
The magic dart hits you.
* * * LOW HITPOINT WARNING * * *
The endoplasm barely misses you.
There is a stone staircase leading down here.
The endoplasm hits you.
* * * LOW HITPOINT WARNING * * *
You fly downwards.
There is a stone staircase leading up here.
Casting: Sandblast (safe; 16% risk of failure)
Confirm with . or Enter, or press ? or * to list all spells.
Aiming: Sandblast (safe; 16% risk of failure)
Press: ? - help, Shift-Dir - straight line, f - endoplasm
Aim: an endoplasm (98% to hit)
The blast of sand hits the endoplasm.
The endoplasm is severely wounded.
* * * LOW HITPOINT WARNING * * *
The endoplasm hits you.
* * * LOW HITPOINT WARNING * * *
The endoplasm freezes you.
You are frozen.
You feel a terrible chill!
You die... #.####### #.....Jh# #.#######

You could see an endoplasm.

Vanquished Creatures
  2 adders (D:2)
  A dart slug (D:2)
  6 endoplasms
  A giant cockroach (D:1)
  2 goblins (D:1)
  2 hobgoblins (D:1)
  A quokka (D:1)
  10 ball pythons
  2 bats
  A frilled lizard (D:1)
  4 kobolds
  2 rats (D:1)
34 creatures vanquished.

Notes
Turn   | Place    | Note
-------+----------+-------------------------------------------
     0 | D:1      | freelancePsychic the Djinni Shapeshifter began the quest
                  | for the Orb.
     0 | D:1      | Reached XP level 1. HP: 18/18 MP: 0/0
    82 | D:1      | Reached XP level 2. HP: 23/23 MP: 0/0
   216 | D:1      | Found Lugot's Armour Boutique.
   363 | D:1      | Found a faded altar of an unknown god.
   397 | D:1      | Reached XP level 3. HP: 29/29 MP: 0/0
   397 | D:1      | Learned a level 1 spell: Sandblast
   398 | D:1      | Reached skill level 1 in Spellcasting
   398 | D:1      | Reached skill level 1 in Conjurations
   398 | D:1      | Reached skill level 1 in Hexes
   398 | D:1      | Reached skill level 1 in Summonings
   398 | D:1      | Reached skill level 1 in Necromancy
   398 | D:1      | Reached skill level 1 in Translocations
   398 | D:1      | Reached skill level 1 in Transmutations
   398 | D:1      | Reached skill level 1 in Fire Magic
   398 | D:1      | Reached skill level 1 in Ice Magic
   398 | D:1      | Reached skill level 1 in Air Magic
   398 | D:1      | Reached skill level 1 in Earth Magic
   398 | D:1      | Reached skill level 1 in Poison Magic
   946 | D:2      | Reached XP level 4. HP: 34/34 MP: 0/0
  1172 | D:2      | Noticed Sigmund
  1212 | D:3      | Frozen to death by an endoplasm

Illustrated notes

Levels and vault maps discovered:
D:1:      nzn_arrival_depleted_hourglass, layout_loops_ring, serial_shops,
          nicolae_shop_hallway_stairs, shapermc_ecumenical_altar_petra
D:2:      minmay_chambers_of_twos, layout_loops_ring, uniq_sigmund
D:3:      layout_basic

Skill      XL: |  1  2  3 |
---------------+----------+-----
Spellcasting   | 1 |  1.7
Conjurations   | 1 |  1.7
Hexes          | 1 |  1.7
Summonings     | 1 |  1.7
Necromancy     | 1 |  1.7
Translocations | 1 |  1.7
Transmutations | 1 |  1.7
Fire Magic     | 1 |  1.7
Ice Magic      | 1 |  1.7
Air Magic      | 1 |  1.7
Earth Magic    | 1 |  1.7
Poison Magic   | 1 |  1.7
Fighting       | |  2.9
Short Blades   | |  0.2
Dodging        | |  2.1
Unarmed Combat | |  2.0
Shapeshifting  | |  2.6

Action                     |  1- 3 |  4- 6 || total
---------------------------+-------+-------++-------
  Melee: Unarmed           |    18 |       ||    18
         Dagger            |    13 |       ||    13
   Fire: Longbow           |    23 |     1 ||    24
   Cast: Sandblast         |     3 |     4 ||     7
    Use: Scroll            |       |     2 ||     2
         Potion            |       |     2 ||     2
 Armour: Animal skin       |     2 |     1 ||     3
  Dodge: Dodged            |    19 |     2 ||    21

Table legend: (Time is in decaauts)
 A = Elapsed time spent in this place.
 B = Non-inter-level travel time spent in this place.
 C = Inter-level travel time spent in this place.
 D = Time resting spent in this place.
 E = Time spent auto-exploring this place.
 F = Levels seen in this place.
 G = Mean time per level.
                   A        B        C        D        E       F      G
               +--------+--------+--------+--------+--------+-----+--------+
         Total |   1229 |   1217 |     12 |      0 |   1007 |   3 |  409.7 |
       Dungeon |   1229 |   1217 |     12 |      0 |   1007 |   3 |  409.7 |
               +--------+--------+--------+--------+--------+-----+--------+

Top non-repeatable levels by time:
     D:1: 686 daAuts
     D:2: 542 daAuts
     D:3: 0 daAuts
